 Dungeon Crawl Stone Soup version 0.32-a0-876-gcfddb08e57 (webtiles) character file.

Game seed: 12801584301587751154

2047 ezpacito the Chopper (level 9, 0/69 HPs)
             Began as a Coglin Chaos Knight on Apr 1, 2024.
             Was a Plaything of Xom.
             Slain by a two-headed ogre
             ... wielding a +0 dire flail
              (5 damage)
             ... on level 6 of the Dungeon.
             The game lasted 00:07:02 (5117 turns).

ezpacito the Chopper (Coglin Chaos Knight)          Turns: 5117, Time: 00:07:03

Health: 0/69       AC: 10    Str: 25    XL:     9   Next: 24%
Magic:  9/12       EV:  9    Int: 11    God:    Xom [......]
Gold:   402        SH:  0    Dex: 12    Spells: 13/13 levels left

rFire   . . .        a - +1 hand axe (chaos) {Florimund}
rCold   . . .        y - +6 short sword of Kexiasas {flame, Fly Will- Str+4}
rNeg    . . .        c - +0 chain mail
rPois   .            (helmet restricted)
rElec   .            (no cloak)
rCorr   .            d - +3 pair of gauntlets of War {Slay+5}
SInv    .            (no boots)
Will    .....        (amulet unavailable) Stlth
                     (ring unavailable)
HPRegen 0.31/turn    (ring unavailable)
MPRegen 0.13/turn    (no gizmo)

%: no passive effects
@: corroded, flying, revved
A: off-hand wielding, slow wielding, warmup strikes, no jewellery, antennae 1,
shaggy fur 1, strong 1, evolution 1, inability to read after injury 1,
MP-powered wands
a: Invent Gizmo, Renounce Religion


You were on level 6 of the Dungeon.
You worshipped Xom.
You were a very special plaything of Xom.
You visited 2 branches of the dungeon, and saw 7 of its levels.
You also visited: Ossuary.

You collected 402 gold pieces.

Inventory:

Hand Weapons
 a - a +1 hand axe of chaos (weapon) {Florimund}
 s - a +0 spear {Rabi}
 y - the +6 short sword of Kexiasas (offhand) {flame, Fly Will- Str+4}
   (You found it on level 5 of the Dungeon)

   Str+4:     It affects your strength (+4).
   Will-:     It decreases your willpower.
   Fly:       It grants you flight.
Missiles
 b - 4 boomerangs
 j - 19 poisoned darts (quivered)
Armour
 c - a +0 chain mail (worn)
 d - the +3 pair of gauntlets of War (worn) {Slay+5}
   (You acquired it on level 4 of the Dungeon)

   Slay+5:    It affects your accuracy & damage with ranged weapons and melee
   (+5).
Magical Staves
 g - a staff of earth
 p - a staff of conjuration
Talismans
 v - a blade talisman
Wands
 f - a wand of flame (18)
 z - a wand of iceblast (13)
 D - a wand of mindburst (13)
Scrolls
 e - 3 scrolls of immolation
 i - a scroll of identify
 k - a scroll of acquirement
 m - a scroll of fog
 o - a scroll of poison {unknown}
 r - 2 scrolls of enchant weapon
 t - 3 scrolls of teleportation
 u - 3 scrolls of noise
 w - a scroll of vulnerability
 A - a scroll of fear {unknown}
 B - 2 scrolls of revelation
Potions
 h - 2 potions of haste
 l - 3 potions of heal wounds
 n - 3 potions of attraction
 q - a potion of invisibility {unknown}
 x - a potion of might {unknown}
 C - 2 potions of curing {unknown}


   Skills:
 * Level 5.6 Fighting
 * Level 5.6(6.1) Axes
 + Level 3.0(4.4) Polearms
 * Level 4.7 Armour
 * Level 4.2 Dodging
 + Level 2.8 Stealth
 + Level 2.5 Spellcasting
 - Level 1.1 Conjurations
 + Level 3.4 Evocations


You had 13 spell levels left.
You didn't know any spells.
Your spell library contained the following spells:

 Spells                   Type           Power      Damage    Failure   Level
 Summon Small Mammal      Summ           4%         N/A       80%         1
 Momentum Strike          Conj/Tloc      4%         3d8       86%         2
 Static Discharge         Conj/Air       4%         3-4/arc   86%         2
 Blink                    Tloc           2%         N/A       91%         2
 Lesser Beckoning         Tloc           2%         N/A       91%         2
 Call Canine Familiar     Summ           1%         N/A       99%         3
 Airstrike                Air            0%         2d(1-17)  100%        4
 Summon Blazeheart Golem  Fire/Summ      1%         N/A       100%        4
 Summon Lightning Spire   Summ/Air       1%         N/A       100%        4
 Chain Lightning          Conj/Air       1%         3d1       100%        9
 Fire Storm               Conj/Fire      1%         7d1       100%        9
 Shatter                  Erth           0%         3d5*      100%        9


Dungeon Overview and Level Annotations

Branches:
Dungeon (6/15)             Temple (1/1) D:5         Ossuary (visited)

Altars:
Cheibriados
Elyvilon
Fedhas
Gozag
Kikubaaqudgha
Makhleb
Nemelex Xobeh
Qazlal
Ru
Xom
Yredelemnul
Zin


Innate Abilities, Weirdness & Mutations

You can wield a second weapon in your off-hand.
It takes a long time for you to wield or remove held weapons.
Your first few attacks do less damage.
You cannot equip rings or amulets.
You have a pair of small antennae on your head.
You are covered in fur. (AC +1)
Your muscles are strong. (Str +4, Int/Dex -1)
You have hidden genetic potential.
You occasionally lose the ability to read scrolls when taking damage.
You expend magic power (3 MP) to strengthen your wands.


Message History

You burn the centaur.
The centaur is almost dead.
You hit the centaur with your +1 hand axe of chaos.
You kill the centaur!
You barely miss the jelly with your +1 hand axe of chaos.
The jelly closely misses you.
You slash the jelly with your +1 hand axe of chaos!
Your graspers burn!
The jelly is almost dead.
You completely miss the two-headed ogre with your +1 hand axe of chaos.
You hit the jelly with the +6 short sword of Kexiasas.
You burn the jelly.
You kill the jelly!
The two-headed ogre hits you with a +0 dire flail.
The two-headed ogre closely misses you.
Your base Polearms skill increases to level 3!
You take 6 damage, and have 57/69 hp.
A two-headed ogre is nearby!
Okay, then.
Aiming: Mindburst
Press: ? - help, Shift-Dir - straight line, f - two-headed ogre
Aim: a two-headed ogre, wielding a +0 dire flail and a +0 giant spiked club (chance to affect: 71%)
You feel a surge of power!
The two-headed ogre struggles to resist.
You now have 9/12 mp.
You puncture the two-headed ogre with the +6 short sword of Kexiasas!
You burn the two-headed ogre.
The two-headed ogre is lightly wounded.
You barely miss the two-headed ogre with your +1 hand axe of chaos.
The two-headed ogre hits you with a +0 dire flail!
The two-headed ogre hits you with a +0 giant spiked club!!
* * * LOW HITPOINT WARNING * * *
You take 39 damage, and have 18/69 hp.
MASSIVE DAMAGE!!
Okay, then.
The two-headed ogre attacks as it pursues you!
The two-headed ogre hits you with a +0 dire flail!
* * * LOW HITPOINT WARNING * * *
The two-headed ogre hits you with a +0 giant spiked club.
You die...
Xom is highly amused!

#....##.#..#.##{
#####
####..##.#..#.##{
#...#
..#..##.#..#.##{
#.........
..#.##.#..#.##{
###.#####.
..###.#..#.##. .#
..##.#..#.##..# ##
..#......###...###
#.#+#.#..#.###)O.###
#.# #.#..#.###@..#
#.# ###.#..#.###.#
#.# ###.#..#.#'# #.#
{###.#..#.### #.#
###.#....####### .?#
{###..#........ .##
########.####### .
.........# .
##########


You could see a two-headed ogre.

Vanquished Creatures
  Pikel (D:5)
  Grinder (D:4)
  Duvessa (D:4)
  A black bear (D:4)
  An ice beast (D:6)
  A centaur (D:6)
  2 lemures (D:5)
  2 phantoms
  An elf zombie (Ossuary)
  A bullfrog (D:6)
  A scorpion (D:4)
  Dowan (D:4)
  A howler monkey (D:3)
  A bombardier beetle (D:6)
  A human zombie (Ossuary)
  A gnoll bouda (D:4)
  A hound (D:5)
  A jelly (D:6)
  An orc priest (D:5)
  2 iguanas (D:6)
  An orc wizard (D:5)
  Ijyb (D:4)
  Natasha (thrice) (D:3)
  3 hound zombies (Ossuary)
  5 mummies
  4 gnolls
  6 adders
  2 adder zombies (Ossuary)
  2 ribbon worms (D:2)
  A dart slug (D:5)
  8 orcs
  4 bats (D:2)
  10 endoplasms
  A giant cockroach (D:4)
  7 hobgoblins
  4 jackals
  2 quokkas (D:3)
  2 ball pythons
  3 frilled lizards
  3 goblins
  3 goblin zombies
  2 hobgoblin zombies (Ossuary)
  6 kobolds
  2 orc zombies
  3 rats (D:1)
111 creatures vanquished.

Notes
Turn   | Place    | Note
-------+----------+-------------------------------------------
     0 | D:1      | ezpacito the Coglin Chaos Knight began the quest for the
                  | Orb.
     0 | D:1      | Reached XP level 1. HP: 18/18 MP: 1/1
     6 | D:1      | Noticed an iguana
     6 | D:1      | Noticed a redback
     6 | D:1      | Noticed a wyvern
     7 | D:1      | Noticed a lindwurm
     7 | D:1      | Noticed a polar bear
   261 | D:1      | Reached skill level 1 in Dodging
   293 | D:1      | XOM is BORED!
   293 | D:1      | XOM: noise
   495 | D:2      | Reached XP level 2. HP: 14/24 MP: 2/2
   777 | D:2      | XOM: divination: magic mapping
   785 | D:2      | Reached XP level 3. HP: 27/29 MP: 3/3
   912 | D:2      | Found an opulent altar of Gozag.
  1315 | D:2      | XOM: scenery: 1 doors close
  1459 | D:2      | XOM: noise
  1488 | D:3      | Reached skill level 1 in Polearms
  1488 | D:3      | Reached XP level 4. HP: 35/35 MP: 4/4
  1543 | D:3      | XOM: noise
  1636 | D:3      | Noticed Natasha
  1643 | D:3      | XOM: cast spell 'Leda's Liquefaction'
  1650 | D:3      | Killed Natasha
  1696 | D:3      | XOM: 1-stop teleportation journey
  1740 | D:3      | Reached XP level 5. HP: 40/41 MP: 6/6
  1863 | D:3      | Noticed Natasha
  1871 | D:3      | Killed Natasha
  1872 | D:3      | Reached skill level 1 in Spellcasting
  1961 | D:3      | XOM: 7-stop teleportation journey
  2030 | D:3      | Reached skill level 1 in Stealth
  2074 | D:3      | Noticed Natasha
  2081 | D:3      | Killed Natasha
  2370 | D:4      | Reached XP level 6. HP: 6/48 MP: 7/7
  2578 | D:4      | Noticed Duvessa
  2578 | D:4      | Noticed Dowan
  2596 | D:4      | Killed Duvessa
  2599 | D:4      | Killed Dowan
  2683 | D:4      | XOM: 3-stop teleportation journey
  2686 | D:4      | Gained mutation: You are covered in fur. (AC +1) [potion of
                  | mutation]
  2686 | D:4      | Gained mutation: You have a pair of small antennae on your
                  | head. [potion of mutation]
  2693 | D:4      | XOM: polymorph jackal -> kobold
  2700 | D:4      | Reached skill level 1 in Evocations
  2700 | D:4      | Reached XP level 7. HP: 36/54 MP: 7/9
  3014 | D:4      | Noticed Grinder
  3014 | D:4      | Noticed Ijyb
  3025 | D:4      | Killed Grinder
  3038 | D:4      | Killed Ijyb
  3039 | D:4      | Reached skill level 1 in Conjurations
  3202 | D:4      | Identified 2 scrolls of acquirement
  3202 | D:4      | Acquired the +3 pair of gauntlets of War {Slay+5}
  3202 | D:4      | Found the +3 pair of gauntlets of War {Slay+5}
  3209 | D:4      | XOM: silly message
  3347 | D:4      | XOM: give mutation
  3347 | D:4      | Gained mutation: You are agile. (Dex +4, Str/Int -1) [Xom's
                  | grace]
  3622 | D:4      | XOM: give mutations
  3622 | D:4      | Gained mutation: You have hidden genetic potential. [Xom's
                  | mischief]
  3622 | D:4      | Gained mutation: You occasionally lose the ability to read
                  | scrolls when taking damage. [Xom's mischief]
  3651 | D:5      | Entered Level 5 of the Dungeon
  3684 | D:5      | Found a sand-covered staircase.
  3691 | Ossuary  | Entered an ossuary
  3701 | Ossuary  | Reached XP level 8. HP: 50/61 MP: 10/10
  4238 | D:5      | XOM: scenery: summon butterflies
  4310 | D:5      | Noticed Pikel
  4323 | D:5      | XOM: silly message
  4325 | D:5      | Killed Pikel
  4326 | D:5      | Reached skill level 5 in Fighting
  4326 | D:5      | Reached skill level 5 in Axes
  4327 | D:5      | Gained mutation: Your muscles are strong. (Str +4, Int/Dex
                  | -1) [hidden potential]
  4373 | D:5      | Found a staircase to the Ecumenical Temple.
  4382 | D:5      | Identified the +6 short sword of Kexiasas {flame, Fly Will-
                  | Str+4}
  4447 | Temple   | XOM: noise
  4447 | Temple   | Entered the Ecumenical Temple
  4461 | D:5      | XOM: give mutations
  4461 | D:5      | Gained mutation: You expend magic power (3 MP) to
                  | strengthen your wands. [Xom's mischief]
  4461 | D:5      | Lost mutation: You are agile. (Dex +4, Str/Int -1) [Xom's
                  | mischief]
  4551 | D:5      | XOM: summons 4 hostile shadow creatures
  4961 | D:6      | XOM: 2-stop teleportation journey
  4965 | D:6      | Reached XP level 9. HP: 67/68 MP: 12/12
  5109 | D:6      | Noticed a two-headed ogre
  5117 | D:6      | Slain by a two-headed ogre

Illustrated notes

Levels and vault maps discovered:
D:1:      onia_arrival_zoo_common, layout_basic
D:2:      layout_loops_corners, basic_altar
D:3:      layout_loops_ring, uniq_natasha, uniq_terence
D:4:      layout_loops_ring, uniq_grinder, uniq_duvessa, uniq_ijyb
D:5:      layout_loops_cross, minmay_temple_entry_water_ring,
          nicolae_ossuary_entry_giza, uniq_pikel
D:6:      minmay_razor_zed, layout_basic, serial_corexii_hall,
          chequers_hall_statues_wall_a, corexii_hall_statues_s,
          corexii_hall_statues_l, corexii_hall_statues_x,
          corexii_hall_statues_i, chequers_hall_statues_y,
          minmay_gold_behind_fungi
Temple:   nicolae_temple_ecumenical_triangle

Skill      XL: |  1  2  3  4  5  6  7  8  9 |
---------------+----------------------------+-----
Dodging        | 1 2 3 4 |  4.2
Armour         | 2 3 4 |  4.7
Polearms       | 1 2 3 |  3.0
Spellcasting   | 1 2 |  2.5
Stealth        | 1 2 |  2.8
Fighting       | 4 5 |  5.6
Axes           | 4 5 |  5.6
Evocations     | 1 3 |  3.4
Conjurations   | 1 |  1.1

Action                     |  1- 3 |  4- 6 |  7- 9 || total
---------------------------+-------+-------+-------++-------
  Melee: Hand axe          |    64 |    90 |   134 ||   288
         Dagger            |    57 |    65 |       ||   122
         Spear             |       |    23 |   104 ||   127
         Short sword       |       |       |    47 ||    47
  Evoke: Wand              |       |       |     1 ||     1
    Use: Scroll            |     1 |     1 |     8 ||    10
         Potion            |       |     6 |     1 ||     7
   Stab: Sleeping          |     1 |     1 |       ||     2
         Petrified         |       |    12 |     1 ||    13
         Petrifying        |       |     1 |       ||     1
 Armour: Leather armour    |    28 |    70 |       ||    98
         Chain mail        |       |     4 |   126 ||   130
  Dodge: Dodged            |    25 |    46 |    53 ||   124

Table legend: (Time is in decaauts)
 A = Elapsed time spent in this place.
 B = Non-inter-level travel time spent in this place.
 C = Inter-level travel time spent in this place.
 D = Time resting spent in this place.
 E = Time spent auto-exploring this place.
 F = Levels seen in this place.
 G = Mean time per level.
                   A        B        C        D        E       F      G
               +--------+--------+--------+--------+--------+-----+--------+
         Total |   5138 |   4851 |    287 |    412 |   3623 |   8 |  642.2 |
       Dungeon |   4747 |   4460 |    287 |    407 |   3330 |   6 |  791.2 |
        Temple |      1 |      1 |      0 |      0 |      0 |   1 |    1.0 |
       Ossuary |    389 |    389 |      0 |      5 |    293 |   1 |  389.0 |
               +--------+--------+--------+--------+--------+-----+--------+

Top non-repeatable levels by time:
     D:4: 1303 daAuts
     D:2: 992 daAuts
     D:5: 905 daAuts
     D:3: 896 daAuts
     D:1: 479 daAuts
 Ossuary: 389 daAuts
     D:6: 170 daAuts
  Temple: 1 daAuts
